 Dungeon Crawl Stone Soup version 0.23-a0-767-gdc19b93d68 (webtiles) character file.

30 Esekla the Skirmisher (level 3, 0/29 HPs)
             Began as a Formicid Wanderer on Jan 29, 2019.
             Slain by a jackal (3 damage)
             ... on level 2 of the Dungeon.
             The game lasted 00:06:15 (759 turns).

Esekla the Skirmisher (Formicid Wanderer)            Turns: 759, Time: 00:06:16

Health: 0/29       AC:  3    Str: 15 (16) XL:     3   Next: 37%
Magic:  4/4        EV: 11    Int:  9 (12) God:
Gold:   52         SH:  0    Dex:  8 (10) Spells: 3/4 levels left

rFire    . . .     SeeInvis +   a - +2 hand axe
rCold    . . .     Gourm    .   (no shield)
rNeg     . . .     Faith    .   e - +0 robe
rPois    .         Spirit   .   (helmet unavailable)
rElec    .         Reflect  .   (no cloak)
rCorr    .         Harm     .   g - +0 pair of gloves (curse)
MR       .....                  (no boots)
Stlth    +.........             (no amulet)
HPRegen  0.09/turn              (no ring)
MPRegen  0.09/turn              (no ring)

@: lethally poisoned (0 -> -8), flying
A: permanent stasis, dig shafts and tunnels, four strong arms, antennae 3
a: Dig, Shaft Self


You were on level 2 of the Dungeon.
You were not hungry.

You visited 1 branch of the dungeon, and saw 2 of its levels.

You collected 52 gold pieces.

Inventory:

Hand Weapons
 a - a +2 hand axe (weapon)
Armour
 e - a +0 robe (worn)
 g - a cursed +0 pair of gloves (worn)
Scrolls
 b - a scroll of random uselessness {unknown}
 c - a scroll of immolation {unknown}
 d - a scroll of enchant weapon {unknown}
 h - a scroll of enchant armour {unknown}
 i - 2 scrolls of remove curse {unknown}
 j - 2 scrolls of teleportation {unknown}
Potions
 k - a potion of heal wounds {unknown}
 l - a potion of degeneration
 m - 2 potions of flight
 n - a potion of agility {unknown}
Comestibles
 f - 4 rations


   Skills:
 + Level 3.1 Fighting
 * Level 2.2 Axes
 - Level 2.0 Throwing
 + Level 0.2 Dodging
 - Level 1.1 Spellcasting
 - Level 2.0 Summonings
   Level 1.7 Translocations


You had 3 spell levels left.
You knew the following spells:

 Your Spells              Type           Power        Failure   Level  Hunger
a - Summon Small Mammal   Summ           #...         16%         1    ##.....

Your spell library contained the following spells:

 Spells                   Type           Power        Failure   Level  Hunger
 Recall                   Summ/Tloc      N/A          45%         3    ####...


Dungeon Overview and Level Annotations

Branches:
Dungeon (2/15)

Altars:


Innate Abilities, Weirdness & Mutations

You cannot be hasted, slowed, berserked, paralysed or teleported.
You can dig through walls and to a lower floor.
Your four strong arms can wield two-handed weapons with a shield.
You have a pair of large antennae on your head. (SInv)


Message History

You fly up into the air.
You feel sick. The jackal bites you. The jackal barely misses you.
The adder bites you but does no damage.
The jackal bites you but does no damage.
The jackal bites you.
It was a potion of degeneration.
There was something very wrong with that liquid.
You feel weakened.
You feel dopey.
You feel clumsy.
You feel sick. The adder bites you.
The jackal bites you but does no damage.
The jackal barely misses you.
You miss the adder.
The adder is moderately wounded.
You barely miss the jackal. You closely miss the jackal. The jackal bites you.
* * * LOW HITPOINT WARNING * * *
The adder bites you.
* * * LOW HITPOINT WARNING * * *
The jackal bites you.
* * * LOW HITPOINT WARNING * * *
The jackal bites you.
You die...

........#.# #.......#.#
....... ........#.#+##.#
.......
#.#....†........+.......
#.#..........#.##.......
#.#..........# #........
#.#..........# #g.......
..#..........#+#hS......
..#............h@#
..#..............#
..#..............#
..#..........#'#.#
..#..........#.#.#
#.#..........#.#.#
#.#..........#.#.####
#......#..............
#......#...###########


You could see an adder, 2 jackals and a goblin.

Vanquished Creatures
  A worm (D:2)
  A dart slug (D:1)
  A leopard gecko (D:1)
  A giant cockroach (D:2)
  A hobgoblin (D:1)
  5 kobolds (D:1)
  2 quokkas (D:2)
  6 bats
  2 frilled lizards
  2 goblins (D:2)
  3 rats
25 creatures vanquished.

Vanquished Creatures (others)
  A bat (D:1)
1 creature vanquished.

Grand Total: 26 creatures vanquished

Notes
Turn   | Place    | Note
-------+----------+-------------------------------------------
     0 | D:1      | Esekla the Formicid Wanderer began the quest for the Orb.
     0 | D:1      | Esekla set off with the following items: a +2 hand axe, a
                  | +0 hand crossbow, 26 bolts, a +0 robe, a ration; and the
                  | following spell memorised: Summon Small Mammal; and the
                  | following spells available to memorise: Recall
     0 | D:1      | Reached XP level 1. HP: 16/16 MP: 2/2
   185 | D:1      | Reached XP level 2. HP: 23/23 MP: 3/3
   369 | D:1      | Reached skill level 3 in Fighting
   599 | D:2      | Reached XP level 3. HP: 29/29 MP: 4/4
   759 | D:2      | Slain by a jackal

Vault maps used:
D:1:      psy_arrival_basics
D:2:      chequers_temple_overflow_minitemple

Skill      XL: |  1  2  3 |
---------------+----------+-----
Fighting       | 3 |  3.1
Axes           | 2 |  2.2
Throwing       | |  2.0
Dodging        | |  0.2
Spellcasting   | |  1.1
Summonings     | |  2.0
Translocations | |  1.7

Action                   || total
-------------------------++-------
Melee: Hand axe          ||    74
  Use: Potion            ||     2
Armor: Robe              ||    20
Dodge: Dodged            ||    52

Table legend:
 A = Non-vault XP
 B = Vault XP
 C = Vault XP percentage of total XP
 D = Non-vault monster count
 E = Vault monster count
 F = Vault count percentage of total count
                 A         B        C        D         E       F
            +---------+---------+-------+---------+---------+-------
      Total |      44 |       0 |   0.0 |      25 |       0 |   0.0
            +---------+---------+-------+---------+---------+-------
        D:1 |      26 |       0 |   0.0 |      15 |       0 |   0.0
        D:2 |      18 |       0 |   0.0 |      10 |       0 |   0.0
            +---------+---------+-------+---------+---------+-------
